 Dungeon Crawl Stone Soup version 0.31-a0-360-gb3e1d13bf4 (webtiles) character file.

Game seed: 177159622265588036

25 Dragonaires the Firebug (level 3, 0/26 HPs)
             Began as a Hill Orc Fire Elementalist on July 26, 2023.
             Slain by a goblin
             ... wielding a +0 dagger
             ... led by Robin
              (2 damage)
             ... on level 2 of the Dungeon.
             The game lasted 00:08:47 (1315 turns).

Dragonaires the Firebug (HOFE)                      Turns: 1315, Time: 00:08:48

Health: 0/26       AC:  5    Str: 10    XL:     3   Next: 6%
Magic:  3/5        EV: 12    Int: 17    God:
Gold:   88         SH:  0    Dex: 11    Spells: 2/5 levels left

rFire   . . .        e - +0 whip
rCold   . . .        (no shield)
rNeg    . . .        a - +0 robe
rPois   .            (no helmet)
rElec   .            c - +2 cloak
rCorr   .            (no gloves)
SInv    .            (no boots)
Will    .....        (no amulet)
Stlth   ++           f - ring of flight
HPRegen 0.24/turn    (no ring)
MPRegen 0.09/turn

%: no passive effects
@: flying
A: no striking features
a: no special abilities


You were on level 2 of the Dungeon.
You visited 1 branch of the dungeon, and saw 2 of its levels.

You collected 88 gold pieces.

Inventory:

Hand Weapons
 e - a +0 whip (weapon)
Missiles
 g - 3 curare-tipped darts (quivered)
 h - 4 boomerangs
Armour
 a - a +0 robe (worn)
 c - a +2 cloak (worn)
Jewellery
 f - a ring of flight (left hand)
Scrolls
 d - a scroll of enchant armour {unknown}
 k - a scroll of teleportation
Potions
 b - a potion of magic
 i - a potion of curing {unknown}
 j - a potion of degeneration {unknown}


   Skills:
 + Level 0.2 Maces & Flails
 + Level 1.8 Dodging
 + Level 1.6 Stealth
 + Level 0.6 Unarmed Combat
 + Level 1.8 Spellcasting
 + Level 1.0 Conjurations
 + Level 3.9 Fire Magic


You had 2 spell levels left.
You knew the following spells:

 Your Spells              Type           Power      Damage    Failure   Level
a - Foxfire               Conj/Fire      36%        2x1d5     7%          1
b - Scorch                Fire           28%        2d6       6%          2

Your spell library contained the following spells:

 Spells                   Type           Power      Damage    Failure   Level
 Inner Flame              Hex/Fire       8%         N/A       26%         3
 Volatile Blastmotes      Fire/Tloc      16%        2d11      26%         3
 Flame Wave               Conj/Fire      9%         2d6       56%         4


Dungeon Overview and Level Annotations

Branches:
Dungeon (2/15)

Altars:

Shops:
D:1 [

Annotations:
D:2 Robin


Message History

Robin throws the goblin at you!
* * * LOW HITPOINT WARNING * * *
You have reached level 3!
Your experience leads to an increase in your attributes!
Increase (S)trength, (I)ntelligence, or (D)exterity?
You feel clever. x2
You barely miss the goblin.
The goblin no longer looks unusually strong.
The goblin hits you but does no damage. x2
You closely miss the goblin. The goblin hits you but does no damage.
The goblin misses you.
You barely miss the goblin. The goblin hits you but does no damage.
The goblin closely misses you.
You closely miss the goblin. The goblin barely misses you.
The goblin closely misses you.
You barely miss the goblin. The goblin misses you. x2
You hit the goblin.
The goblin is moderately wounded.
The goblin barely misses you. The goblin hits you with a +0 dagger.
* * * LOW HITPOINT WARNING * * *
You hit the goblin.
The goblin is severely wounded.
The goblin no longer looks unusually strong.
The goblin hits you but does no damage. x2
You closely miss the goblin. You punch the goblin, but do no damage.
The goblin is severely wounded.
The goblin closely misses you.
Robin says, "Kneel, worm!"
Robin roars a battlecry!
The goblins go into a battle-frenzy!
The goblin hits you but does no damage.
You hit the goblin.
You kill the goblin!
The goblin hits you with a +0 dagger.
* * * LOW HITPOINT WARNING * * *
The goblin attacks as you move away! The goblin hits you but does no damage.
You see here a +0 dagger.
The goblin attacks as you move away! The goblin hits you but does no damage.
The goblin hits you with a +0 dagger.
You die...

.####.###)#
#)..#####
..g)g..)bg#
#.........
b####.#####
#.#.##....
# #.#g# ###
#g#.# #)#.#
#
#b#.##.###
#g#.......
#.@.......
######.###


You could see Robin, a hobgoblin (strong), a goblin (strong) and a bat.

Vanquished Creatures
  A dart slug (D:1)
  7 goblins
  2 hobgoblins
  2 jackals (D:1)
  A kobold (D:1)
  A quokka (D:1)
  A ball python (D:1)
  2 frilled lizards (D:1)
  4 rats
21 creatures vanquished.

Vanquished Creatures (others)
  6 foxfires
6 creatures vanquished.

Grand Total: 27 creatures vanquished

Notes
Turn   | Place    | Note
-------+----------+-------------------------------------------
     0 | D:1      | Dragonaires the Hill Orc Fire Elementalist began the quest
                  | for the Orb.
     0 | D:1      | Reached XP level 1. HP: 14/14 MP: 3/3
   345 | D:1      | Found Buolan's Armour Shoppe.
   416 | D:1      | Reached XP level 2. HP: 15/20 MP: 1/4
   447 | D:1      | Learned a level 2 spell: Scorch
  1271 | D:2      | Noticed Robin
  1302 | D:2      | Reached XP level 3. HP: 4/26 MP: 1/5
  1310 | D:2      | HP: 1/26 [goblin/+0 dagger[Robin] (4)]
  1315 | D:2      | Slain by a goblin

Illustrated notes

Levels and vault maps discovered:
D:1:      dpeg_chamrin_arrival_tetris, layout_rooms, serial_shops,
          nicolae_shop_rolling_square
D:2:      layout_loops_ring, uniq_sigmund, uniq_robin, uniq_terence

Action                     || total
---------------------------++-------
  Melee: Unarmed           ||    23
         Whip              ||    60
         Punch             ||     4
   Cast: Foxfire           ||     6
         Scorch            ||     4
    Use: Scroll            ||     2
   Stab: Sleeping          ||     2
 Armour: Robe              ||    31
  Dodge: Dodged            ||    61

Table legend: (Time is in decaauts)
 A = Elapsed time spent in this place.
 B = Non-inter-level travel time spent in this place.
 C = Inter-level travel time spent in this place.
 D = Time resting spent in this place.
 E = Time spent auto-exploring this place.
 F = Levels seen in this place.
 G = Mean time per level.
                   A        B        C        D        E       F      G
               +--------+--------+--------+--------+--------+-----+--------+
         Total |   1319 |   1234 |     85 |    624 |    269 |   2 |  659.5 |
       Dungeon |   1319 |   1234 |     85 |    624 |    269 |   2 |  659.5 |
               +--------+--------+--------+--------+--------+-----+--------+

Top non-repeatable levels by time:
     D:1: 1207 daAuts
     D:2: 111 daAuts
